 Dungeon Crawl Stone Soup version 0.28-a0-1555-g9ae15a6949 (webtiles) character file.

Game seed: 6930690069279501271

2 psuckher the Sneak (level 1, 0/18 HPs)
             Began as a Barachi Delver on Jan 18, 2022.
             Slain by a scorpion zombie (2 damage)
             ... on level 5 of the Dungeon.
             The game lasted 00:00:45 (73 turns).

psuckher the Sneak (Barachi Delver)                   Turns: 73, Time: 00:00:46

Health: 0/18       AC:  3    Str: 13    XL:     1   Next: 40%
Magic:  1/1        EV: 12    Int: 10    God:
Gold:   0          SH:  0    Dex: 13    Spells: 0/0 levels left

rFire   . . .      SeeInvis .   a - +0 short sword
rCold   . . .      Faith    .   (no shield)
rNeg    . . .      Spirit   .   b - +0 leather armour
rPois   .          Reflect  .   (no helmet)
rElec   .          Harm     .   (no cloak)
rCorr   .          Rampage  .   (no gloves)
Will    .....                   (no boots)
Stlth   ++........              (no amulet)
HPRegen 0.06/turn               (no ring)
MPRegen 0.07/turn               (no ring)

@: slow
A: amphibious, slowness 1, strong legs 1, +LOS
a: Hop


You were on level 5 of the Dungeon.
You visited 1 branch of the dungeon, and saw 2 of its levels.

Inventory:

Hand Weapons
 a - a +0 short sword (weapon)
Armour
 b - a +0 leather armour (worn)
Wands
 g - a wand of digging (3)
Scrolls
 c - a scroll of fog
 d - a scroll of magic mapping
 h - a scroll of silence {unknown}
Potions
 f - a potion of haste


   Skills:
 + Level 3.6 Fighting
 + Level 2.1 Short Blades
 + Level 2.1 Dodging
 + Level 4.6 Stealth


You couldn't memorise any spells.
You didn't know any spells.
Your spell library was empty.

Dungeon Overview and Level Annotations

Branches:
Dungeon (5/15)
 Temple: D:4-7

Altars:


Innate Abilities, Weirdness & Mutations

You are amphibious.
You cover ground slowly.
You can hop short distances.
You have an extended range of vision and can be seen from far away.


Message History

The gnoll shouts! x2
You hit the gnoll.
The gnoll is heavily wounded.
A bullfrog comes into view.
The gnoll misses you. The gnoll shaman closely misses you.
A gnoll comes into view. It is wielding a +0 halberd.
The gnoll hits you from afar with a +0 spear.
You see here a +0 club.
The bullfrog croaks.
The gnoll shouts!
You hit the gnoll shaman but do no damage.
You hear a shout!
The gnoll hits you from afar with a +0 spear.
* * * LOW HITPOINT WARNING * * *
The gnoll shaman misses you.
As you read the scroll of fear, it crumbles to dust.
You assume a fearsome visage.
The hobgoblin looks frightened!
The bullfrog looks frightened!
The gnoll shaman looks frightened!
The gnoll looks frightened! x4
The gnoll cries, "Help meeeeeeee!"
The hobgoblin weeps quietly.
A kobold comes into view. It is wielding a +0 club.
There is a stone staircase leading down here.
You climb downwards.
You hear the hiss of flowing sand.
There is an entrance to an ossuary on this level.
Hurry and find it before the portal is buried!
There is a stone staircase leading up here.
You hear the slow hiss of a very distant avalanche of sand.
Found an escape hatch in the floor.
You see here a +0 flail.
Found 2 large rocks.
There is an escape hatch in the floor here.
You see here 2 large rocks.
An ogre comes into view. It is wielding a +0 giant spiked club.
A scorpion zombie comes into view.
The scorpion zombie hits you.
* * * LOW HITPOINT WARNING * * *
You hit the scorpion zombie.
The scorpion zombie is lightly damaged.
The scorpion zombie hits you.
You die...

#.....# #.
###.#.#.####.
#(...>......)
#.#.#.#.####.
########.#.....#
#.
...O.....###.#.#
#. ########.#
#....# #.
#...##########.#
#........
#......@Z....#
##...####
#.##########.#
##.## #.# #.#
#Z# #.# ..# #.#
#.# #.#


You could see a scorpion zombie.

Vanquished Creatures
  A goblin (D:4)
  A ball python (D:4)
  A kobold (D:4)
3 creatures vanquished.

Notes
Turn   | Place    | Note
-------+----------+-------------------------------------------
     0 | D:5      | psuckher the Barachi Delver began the quest for the Orb.
     0 | D:5      | Reached XP level 1. HP: 18/18 MP: 1/1
     2 | D:5      | Noticed a hound
    26 | D:4      | Noticed a gnoll shaman
    31 | D:4      | Noticed a bullfrog
    61 | D:5      | Noticed an ogre
    73 | D:5      | Slain by a scorpion zombie

Illustrated notes

Levels and vault maps discovered:
D:4:      layout_loops_ring
D:5:      layout_loops_ring, gup_ossuary_entry_pyramid, bh_walls_and_bars,
          uniq_blork_the_orc

Action                   || total
-------------------------++-------
Melee: Short sword       ||     8
       Punch             ||     1
  Use: Scroll            ||     1
Armor: Leather armour    ||     1
Dodge: Dodged            ||    10

Table legend: (Time is in decaauts)
 A = Elapsed time spent in this place.
 B = Non-inter-level travel time spent in this place.
 C = Inter-level travel time spent in this place.
 D = Time resting spent in this place.
 E = Time spent auto-exploring this place.
 F = Levels seen in this place.
 G = Mean time per level.
                   A        B        C        D        E       F      G
               +--------+--------+--------+--------+--------+-----+--------+
         Total |     85 |     85 |      0 |      0 |      0 |   2 |   42.5 |
       Dungeon |     85 |     85 |      0 |      0 |      0 |   2 |   42.5 |
               +--------+--------+--------+--------+--------+-----+--------+

Top non-repeatable levels by time:
     D:5: 50 daAuts
     D:4: 34 daAuts
